 Dungeon Crawl Stone Soup version 0.21.1-1-g345015f (webtiles) character file.

176 Fortress the Covered (level 5, -1/33 HPs)
             Began as a Gargoyle Fighter on June 16, 2018.
             Was an Initiate of Trog.
             Shot with an arrow by a centaur (8 damage)
             ... on level 5 of the Dungeon.
             The game lasted 00:21:23 (3407 turns).

Fortress the Covered (Gargoyle Fighter)             Turns: 3407, Time: 00:21:24

Health: -1/33      AC: 10    Str: 20    XL:     5   Next: 56%
Magic:  5/5        EV:  9    Int:  8    God:    Trog [......]
Gold:   235        SH:  9    Dex: 12    Spells: 4/4 levels left

rFire    . . .     SeeInvis .   o - -2 dagger (curse)
rCold    . . .     Gourm    .   c - +0 shield
rNeg     + . .     Faith    .   p - -2 leather armour (curse)
rPois    ∞         Spirit   .   k - +0 helmet
rElec    +         Reflect  .   y - +0 cloak
rCorr    .         Harm     .   u - +0 pair of gloves
MR       .....                  l - +0 pair of boots
Stlth    +.........             (no amulet)
HPRegen  0.11/turn              j - +2 ring of dexterity
MPRegen  0.09/turn              (no ring)

@: no status effects
A: negative energy resistance 1, electricity resistance, unbreathing,
petrification resistance, rot immunity, AC +4
a: Burn Spellbooks, Renounce Religion


You were on level 5 of the Dungeon.
You worshipped Trog.
Trog was noncommittal.
You were not hungry.

You visited 1 branch of the dungeon, and saw 5 of its levels.

You collected 235 gold pieces.

Inventory:

Hand Weapons
 a - a +0 flail
 o - a cursed -2 dagger (weapon)
Missiles
 g - 103 stones (quivered)
 i - 47 sling bullets
 n - 61 bolts
 s - 74 arrows
Armour
 b - a +0 scale mail
 c - a +0 shield (worn)
 k - a +0 helmet (worn)
 l - a +0 pair of boots (worn)
 p - a cursed -2 leather armour (worn)
 u - a +0 pair of gloves (worn)
 y - a +0 cloak (worn)
 C - a scarf of resistance
Jewellery
 j - a +2 ring of dexterity (left hand)
Wands
 A - a wand of paralysis (6)
 G - a wand of enslavement (10)
Scrolls
 e - 2 scrolls of teleportation
Potions
 d - a potion of might
 h - a potion of agility {unknown}
 m - a potion of cancellation {unknown}
 q - 2 potions of resistance {unknown}
 r - 2 potions of degeneration {unknown}
 t - a potion of invisibility {unknown}
 v - a potion of flight {unknown}
 w - 2 potions of lignification {unknown}
 x - a potion of heal wounds {unknown}
 z - a potion of curing {unknown}
Comestibles
 f - 7 rations


   Skills:
 + Level 4.0 Fighting
 + Level 3.4 Maces & Flails
 + Level 4.5 Armour
 - Level 0.4 Dodging
 + Level 4.2 Shields


You had 4 spell levels left.
You didn't know any spells.

Dungeon Overview and Level Annotations

Branches:
Dungeon (5/15)
 Temple: D:4-7

Altars:
Cheibriados
Dithmenos
Fedhas
Kikubaaqudgha
Okawaru
Ru
Trog


Innate Abilities, Weirdness & Mutations

You are resistant to torment.
Your stone body is resilient. (AC +4)
You are immune to poison.
You resist negative energy. (rN+)
You are resistant to electric shocks. (rElec)
You can survive without breathing.
You are immune to petrification.
You are immune to rotting.


Message History

The centaur barely misses you. The centaur hits you.
You hit the centaur but do no damage. The centaur hits you.
* * * LOW HITPOINT WARNING * * *
You block the centaur's attack.
The centaur hits you but does no damage.
The centaur hits you.
* * * LOW HITPOINT WARNING * * *
The centaur wields an uncursed shortbow.
The centaur shoots an arrow.
The arrow completely misses you.
The centaur hits you but does no damage.
You see here 2 arrows.
The centaur shoots an arrow.
The arrow hits you but does no damage.
The centaur wields a shortbow.
The centaur shoots an arrow.
You block the arrow.
There is a stone staircase leading up here.
You see here 3 arrows.
The centaur shoots an arrow.
The arrow barely misses you.
The centaur shoots an arrow.
The arrow barely misses you.
The centaur shoots an arrow.
The arrow hits you!
You die...

. ###. ## (..
.. #.. .
#.#.# #.#.#
#########.c.#
.......@(.#
#########c#
#.# #.# #.#
#.# ..# ###


You could see 2 centaurs.

Vanquished Creatures
  A bullfrog skeleton (D:4)
  4 gnolls (D:3)
  4 adders
  An ooze (D:2)
  2 worms
  3 dart slugs
  2 leopard geckos
  2 ball pythons
  3 giant cockroaches
  9 goblins
  4 hobgoblins
  2 jackals (D:1)
  4 kobolds
  7 bats
  7 frilled lizards
  2 rats
  A withered plant (D:2)
58 creatures vanquished.

Notes
Turn   | Place    | Note
-------+----------+-------------------------------------------
     0 | D:1      | Fortress the Gargoyle Fighter began the quest for the Orb.
     0 | D:1      | Reached XP level 1. HP: 14/14 MP: 1/1
   286 | D:1      | Reached XP level 2. HP: 18/19 MP: 2/2
   752 | D:1      | Reached XP level 3. HP: 7/24 MP: 3/3
  1112 | D:2      | Reached XP level 4. HP: 29/29 MP: 4/4
  1154 | D:2      | Found an ancient bone altar of Kikubaaqudgha.
  1156 | D:2      | Found a blossoming altar of Fedhas.
  2110 | D:3      | Reached XP level 5. HP: 29/33 MP: 5/5
  2195 | D:3      | Found a bloodstained altar of Trog.
  2202 | D:3      | Became a worshipper of Trog the Wrathful
  2302 | D:3      | Found a snail-covered altar of Cheibriados.
  2530 | D:4      | Found an iron altar of Okawaru.
  2975 | D:4      | Found a sacrificial altar of Ru.
  3320 | D:4      | Found a shadowy altar of Dithmenos.
  3384 | D:5      | Entered Level 5 of the Dungeon
  3400 | D:5      | Noticed a centaur
  3401 | D:5      | Noticed a centaur
  3407 | D:5      | Shot with an arrow by a centaur

Skill      XL: |  1  2  3  4  5 |
---------------+----------------+-----
Armour         | 4 |  4.5
Maces & Flails | 3 |  3.4
Shields        | 4 |  4.2
Fighting       | 4 |  4.0
Dodging        | |  0.4

Action                   |  1- 3 |  4- 6 || total
-------------------------+-------+-------++-------
Melee: Flail             |    90 |   134 ||   224
       Dagger            |       |     2 ||     2
  Use: Scroll            |       |     9 ||     9
  Eat: Chunk             |     1 |     7 ||     8
Armor: Scale mail        |    62 |    63 ||   125
       Leather armour    |       |     4 ||     4
Dodge: Dodged            |    29 |    48 ||    77
Block: Shield            |    63 |    91 ||   154
